AoeStats
← schmeno

Arena

506538801Analyzed
4v4 RM · 20d ago on Sep 14, 2026· 51m 58s· 8 players
Game mode
Random Map
Map size
Large (8 player)
Population
200
Speed
Normal
Resources
Standard
Victory
Conquest
Starting age
Dark Age
Ending age
Imperial Age
RankedLock teamsTeams togetherTeam positionsShared explorationLock speedFull tech treeHidden civsTurbo modeCheats
Victory
Defeat
🇺🇸 Mongols · United States
1209
+15
🇺🇸 Teutons · United States
1207
+15
🇺🇸 Celts · United States
1158
+17
🇺🇸 Ethiopians · United States
1121
+19
🇦🇷 Saracens · Argentina
1243
-18
🇦🇷 Malians · Argentina
1242
-19
🇫🇷 Byzantines · France
1176
-16
🇨🇱 Persians · Chile
1101
-13
Deputy Dong
10:47 Feudal Age
12:04 Double-Bit Axe
14:51 Castle Age
12:36 Horse Collar
16:44 Bow Saw
16:40 Fletching
17:40 Padded Archer Armor
19:07 Bodkin Arrow
20:23 Leather Archer Armor
21:11 Ballistics
23:12 Wheelbarrow
25:12 Bloodlines
25:02 Husbandry
30:26 Imperial Age
28:31 Thumb Ring
31:40 Parthian Tactics
31:18 Bracer
32:44 Chemistry
31:56 Loom
35:09 Elite Mangudai
39:46 Conscription
40:13 Hand Cart
41:54 Gold Mining
Tired Cock
10:34 Feudal Age
12:29 Loom
16:09 Castle Age
14:55 Double-Bit Axe
15:34 Horse Collar
21:29 Wheelbarrow
26:38 Pikeman
29:27 Scale Mail Armor
34:11 Fletching
34:38 Chain Mail Armor
39:47 Imperial Age
37:49 Murder Holes
38:47 Ballistics
39:51 Heavy Scorpion
40:58 Furor Celtica
44:25 Chemistry
47:03 Capped Ram
48:17 Siege Ram
49:59 Siege Engineers
r smothers
11:23 Feudal Age
15:37 Castle Age
14:38 Double-Bit Axe
14:34 Horse Collar
17:35 Bow Saw
17:27 Heavy Plow
19:34 Atonement
19:52 Fervor
21:05 Gold Mining
22:47 Wheelbarrow
21:58 Loom
21:59 Town Watch
24:12 Bloodlines
24:49 Town Patrol
28:08 Scale Barding Armor
28:13 Forging
31:19 Chain Barding Armor
31:34 Iron Casting
32:18 Sanctity
34:45 Imperial Age
32:32 Hand Cart
34:50 Cavalier
36:08 Plate Barding Armor
36:33 Blast Furnace
36:37 Two-Man Saw
36:08 Crop Rotation
36:55 Illumination
36:47 Block Printing
36:37 Paladin
38:01 Theocracy
37:52 Illumination
40:23 Chemistry
39:35 Masonry
39:35 Fortified Wall
42:13 Redemption
42:53 Conscription
47:13 Siege Engineers
49:09 Hoardings
schmeno
10:33 Feudal Age
12:13 Loom
12:21 Double-Bit Axe
14:40 Castle Age
12:41 Horse Collar
15:51 Bow Saw
18:14 Fervor
18:59 Gold Mining
21:17 Heavy Plow
25:19 Imperial Age
25:02 Ballistics
24:35 Fletching
24:24 Crossbowman
25:22 Bodkin Arrow
27:28 Chemistry
27:31 Bracer
31:01 Arbalester
35:17 Padded Archer Armor
36:29 Leather Archer Armor
38:41 Thumb Ring
40:54 Sanctity
43:39 Siege Engineers
46:52 Ring Archer Armor
47:05 Torsion Engines
Baruchiev
10:00 Feudal Age
15:01 Castle Age
12:54 Horse Collar
14:45 Double-Bit Axe
16:06 Bow Saw
21:45 Gold Mining
22:18 Heavy Plow
23:45 Wheelbarrow
22:59 Loom
27:56 Imperial Age
25:03 Elite Skirmisher
25:37 Fletching
26:32 Padded Archer Armor
26:51 Bodkin Arrow
27:29 Leather Archer Armor
28:55 Ballistics
30:39 Chemistry
30:28 Pikeman
32:41 Scale Mail Armor
32:52 Forging
33:02 Squires
32:38 Halberdier
34:47 Chain Mail Armor
38:22 Fortified Wall
40:27 Treadmill Crane
42:28 Bracer
50:05 Conscription
51:07 Ring Archer Armor
50:53 Thumb Ring
Bravo
11:51 Feudal Age
12:55 Double-Bit Axe
15:26 Castle Age
13:15 Horse Collar
16:53 Bow Saw
22:38 Wheelbarrow
23:59 Scale Barding Armor
24:05 Forging
24:26 Bloodlines
24:20 Husbandry
25:39 Forging
25:58 Hand Cart
26:29 Chain Barding Armor
28:10 Loom
28:11 Town Watch
29:16 Iron Casting
31:34 Imperial Age
31:28 Gold Mining
33:32 Chemistry
32:15 Onager
32:34 Heavy Camel Rider
34:03 Plate Barding Armor
34:28 Blast Furnace
33:41 Elite Skirmisher
34:12 Fletching
34:23 Padded Archer Armor
35:06 Bodkin Arrow
35:48 Bimaristan
35:58 Conscription
37:30 Bracer
37:45 Leather Archer Armor
38:59 Thumb Ring
39:52 Hoardings
39:39 Ballistics
39:36 Siege Engineers
40:04 Coinage
41:10 Two-Man Saw
40:13 Heavy Plow
40:29 Treadmill Crane
40:59 Masonry
41:15 Counterweights
41:43 Ring Archer Armor
41:39 Fortified Wall
41:25 Murder Holes
43:33 Onager
46:51 Siege Onager
danieleduka
10:15 Feudal Age
15:36 Castle Age
14:50 Double-Bit Axe
19:01 Horse Collar
22:31 Wheelbarrow
24:44 Heavy Plow
29:13 Imperial Age
30:37 Chemistry
31:04 Hand Cart
33:34 Bow Saw
39:29 Gold Mining
39:04 Pikeman
39:53 Halberdier
47:43 Man-at-Arms
Sofi (Taylor's Version)
12:11 Feudal Age
16:02 Castle Age
15:02 Double-Bit Axe
15:47 Stone Mining
18:49 Loom
19:50 Wheelbarrow
22:53 Fletching
39:07 Pikeman
41:10 Forging
41:00 Scale Mail Armor
43:00 Iron Casting
43:08 Scale Mail Armor
43:21 Squires
45:22 Chain Mail Armor
44:59 Town Watch
45:26 Horse Collar
Connection lost

Rejoining the realm…

Still unreachable

The connection could not be restored.

Session expired

The server has moved on; the page needs a fresh start.